 Dungeon Crawl Stone Soup version 0.21.0 (webtiles) character file.

158 Jynx the Changer (level 5, 0/37 HPs)
             Began as a Merfolk Transmuter on Jan 6, 2018.
             Slain by an ogre
             ... wielding a +0 giant club
              (10 damage)
             ... on level 4 of the Dungeon.
             The game lasted 00:04:14 (2674 turns).

Jynx the Changer (Merfolk Transmuter)               Turns: 2674, Time: 00:04:15

Health: 0/37       AC:  5    Str: 11    XL:     5   Next: 40%
Magic:  3/10       EV: 13    Int: 12    God:
Gold:   163        SH:  0    Dex: 15    Spells: 4/10 levels left

rFire    . . .     SeeInvis .     - Unarmed
rCold    . . .     Gourm    .   (no shield)
rNeg     . . .     Faith    .   b - +1 robe
rPois    .         Spirit   .   (no helmet)
rElec    .         Reflect  .   (no cloak)
rCorr    .         Harm     .   f - +0 pair of gloves
MR       .....                  n - +0 pair of boots
Stlth    ++........             (no amulet)
HPRegen  0.12/turn              l - +2 ring of slaying
MPRegen  0.12/turn              (no ring)

@: appendage
A: change form in water, swift swim, stealthy swim, horns 2
a: End Transformation


You were on level 4 of the Dungeon.
You were not hungry.
You had grown temporary horns.
You visited 1 branch of the dungeon, and saw 4 of its levels.

You collected 163 gold pieces.

Inventory:

Missiles
 a - 46 arrows
Armour
 b - a +1 robe (worn)
 f - a +0 pair of gloves (worn)
 n - a +0 pair of boots (worn)
Jewellery
 l - a +2 ring of slaying (left hand)
Wands
 p - a wand of enslavement (10)
 s - a wand of flame (20)
Scrolls
 i - a scroll of enchant weapon
 q - 2 scrolls of teleportation
Potions
 e - 3 potions of degeneration
 g - 3 potions of curing
 j - a potion of ambrosia
 k - 2 potions of flight
 o - a potion of resistance {unknown}
 r - a potion of lignification {unknown}
Books
 c - a book of Changes

   Spells                             Type                      Level
   a - Beastly Appendage              Transmutation                1
   b - Sticks to Snakes               Transmutation                2
   c - Spider Form                    Transmutation/Poison         3
   d - Ice Form                       Ice/Transmutation            4
   e - Blade Hands                    Transmutation                5
Comestibles
 d - 7 rations
 h - 3 chunks of flesh


   Skills:
 - Level 1.1 Fighting
 - Level 2.6 Dodging
 + Level 0.9 Stealth
 - Level 3.2 Unarmed Combat
 + Level 3.3 Spellcasting
 * Level 5.8 Transmutations


You had 4 spell levels left.
You knew the following spells:

 Your Spells              Type           Power        Failure   Level  Hunger
a - Beastly Appendage     Tmut           ###...       2%          1    #......
b - Sticks to Snakes      Tmut           ###.....     3%          2    ##.....
c - Spider Form           Tmut/Pois      #.........   22%         3    ###....


Dungeon Overview and Level Annotations

Branches:
Dungeon (4/15)
 Temple: D:4-7

Altars:


Innate Abilities, Weirdness & Mutations

You revert to your normal form in water.
You are very nimble and swift while swimming.
You are very stealthy in the water. (Stealth+)
You have a pair of horns on your head.


Message History

Found a robe.
Found a dagger.
Your horns disappear.
You found a teleport trap!
Some of the chunks of flesh in your inventory have rotted away.
An ogre comes into view. It is wielding a giant club.
Casting: Beastly Appendage
Confirm with . or Enter, or press ? or * to list all spells.
You grow a pair of large bovine horns.
Casting: Beastly Appendage
Confirm with . or Enter, or press ? or * to list all spells.
You create a snake!
You now have 48 arrows.
The ogre hits you with a giant club!!
Ouch! That really hurt!
* * * LOW HITPOINT WARNING * * *
Casting: Sticks to Snakes
Confirm with . or Enter, or press ? or * to list all spells.
You create 2 snakes!
You now have 46 arrows.
The ogre hits you with a giant club!
You die...

....#####....# ..
.......##....# .
###....##....# ##.
#....##....# #..
#....##....# #.#
#.........)# #.#
##.........# #S#
#.........###S####.##
........^......@O......
..##[.....######.#######
. ######## .S.. ##.###
... #.. ./.. ....


You could see an ogre and 3 friendly ball pythons.

Vanquished Creatures
  Natasha (D:2)
  A worker ant (D:4)
  6 adders
  2 dart slugs
  3 orcs (D:3)
  3 giant cockroaches
  4 goblins
  5 hobgoblins
  2 quokkas (D:2)
  3 bats
  4 frilled lizards
  A kobold (D:2)
  6 rats
41 creatures vanquished.

Vanquished Creatures (collateral kills)
  An iguana (D:4)
1 creature vanquished.

Grand Total: 42 creatures vanquished

Notes
Turn   | Place    | Note
-------+----------+-------------------------------------------
     0 | D:1      | Jynx the Merfolk Transmuter began the quest for the Orb.
     0 | D:1      | Reached XP level 1. HP: 15/15 MP: 3/3
    79 | D:1      | Reached skill level 3 in Transmutations
   108 | D:1      | Reached XP level 2. HP: 4/21 MP: 3/5
  1133 | D:2      | Reached skill level 4 in Transmutations
  1133 | D:2      | Reached XP level 3. HP: 11/26 MP: 6/6
  1656 | D:2      | Noticed Natasha
  1670 | D:2      | Killed Natasha
  1670 | D:2      | Reached XP level 4. HP: 23/32 MP: 5/8
  1946 | D:2      | Learned a level 2 spell: Sticks to Snakes
  1950 | D:2      | Learned a level 3 spell: Spider Form
  2163 | D:3      | Reached skill level 5 in Transmutations
  2312 | D:3      | Reached XP level 5. HP: 29/37 MP: 9/9
  2665 | D:4      | Noticed an ogre
  2674 | D:4      | Slain by an ogre

Skill      XL: |  1  2  3  4 |
---------------+-------------+-----
Transmutations | 3 4 5 |  5.8
Spellcasting   | 3 |  3.3
Fighting       | |  1.1
Dodging        | |  2.6
Stealth        | |  0.9
Unarmed Combat | |  3.2

Action                   |  1- 3 |  4- 6 || total
-------------------------+-------+-------++-------
Melee: Unarmed           |    68 |    73 ||   141
       Headbutt          |    12 |     7 ||    19
       Punch             |       |     2 ||     2
 Cast: Beastly Appendage |    16 |    17 ||    33
       Sticks to Snakes  |       |     5 ||     5
  Use: Scroll            |     3 |     7 ||    10
  Eat: Chunk             |     3 |     3 ||     6
Armor: Robe              |    11 |    21 ||    32
Dodge: Dodged            |    39 |    56 ||    95
